 Dungeon Crawl Stone Soup version 0.28.0-43-g3370ac3207 (webtiles) character file.

Game seed: 17464795513993328150

133 Ablot the Grasshopper (level 5, -12/43 HPs)
             Began as a Gnoll Warper on Mar 29, 2022.
             Was an Initiate of the Shining One.
             Mangled by Menkaure (18 damage)
             ... on level 4 of the Dungeon.
             The game lasted 00:03:25 (3744 turns).

Ablot the Grasshopper (Gnoll Warper)                Turns: 3744, Time: 00:03:26

Health: -12/43     AC:  3    Str: 13    XL:     5   Next: 16%
Magic:  12/12      EV: 12    Int: 12    God:    the Shining One [......]
Gold:   91         SH:  0    Dex: 11    Spells: 12/14 levels left

rFire   + . .      SeeInvis .   w - +1 mace (holy)
rCold   . . .      Faith    .   (no shield)
rNeg    . . .      Spirit   .   b - +0 leather armour
rPois   +          Reflect  .   (no helmet)
rElec   .          Harm     .   (no cloak)
rCorr   .          Rampage  .   (no gloves)
Will    .....                   (no boots)
Stlth   +.........              (no amulet)
HPRegen 0.14/turn               B - ring of protection from fire
MPRegen 0.13/turn               A - ring of poison resistance

@: glowing
A: fangs 1, strong nose, distributed training
a: Renounce Religion


You were on level 4 of the Dungeon.
You worshipped the Shining One.
The Shining One was noncommittal.
You visited 1 branch of the dungeon, and saw 4 of its levels.

You collected 91 gold pieces.

Inventory:

Hand Weapons
 a - a +0 trident
 w - a +1 mace of holy wrath (weapon)
 F - a +0 war axe of venom
Missiles
 d - 5 boomerangs of dispersal
 e - 74 stones
 i - 4 curare-tipped darts
 l - 5 poisoned darts (quivered)
 m - 65 sling bullets
 C - a throwing net
 E - 25 bolts
Armour
 b - a +0 leather armour (worn)
Magical Staves
 g - a staff of cold
Jewellery
 h - a ring of positive energy
 n - a ring of ice
 p - a ring of flight
 A - a ring of poison resistance (right hand)
 B - a ring of protection from fire (left hand)
Wands
 D - a wand of flame (20)
Scrolls
 c - 3 scrolls of blinking
 j - a scroll of fog {unknown}
 k - 2 scrolls of teleportation {unknown}
 o - a scroll of magic mapping {unknown}
 r - 4 scrolls of identify {unknown}
 s - a scroll of enchant armour {unknown}
 v - a scroll of enchant weapon {unknown}
 y - a scroll of brand weapon {unknown}
 z - a scroll of vulnerability {unknown}
Potions
 f - a potion of lignification {unknown}
 q - 2 potions of might {unknown}
 t - a potion of degeneration {unknown}
 u - a potion of attraction {unknown}
 x - a potion of flight {unknown}
 G - a potion of mutation {unknown}


   Skills:
 + Level 4.7 Fighting
 + Level 1.4 Short Blades
 + Level 1.4 Long Blades
 + Level 1.4 Axes
 + Level 1.4 Maces & Flails
 + Level 4.7 Polearms
 + Level 1.4 Staves
 + Level 1.4 Slings
 + Level 1.4 Bows
 + Level 1.4 Crossbows
 + Level 2.9 Throwing
 + Level 2.9 Armour
 + Level 4.7 Dodging
 + Level 1.4 Stealth
 + Level 1.4 Shields
 + Level 1.4 Unarmed Combat
 + Level 5.1 Spellcasting
 + Level 1.1 Conjurations
 + Level 1.1 Hexes
 + Level 1.1 Summonings
 + Level 1.1 Necromancy
 + Level 5.5 Translocations
 + Level 1.1 Transmutations
 + Level 1.1 Fire Magic
 + Level 1.1 Ice Magic
 + Level 1.1 Air Magic
 + Level 1.1 Earth Magic
 + Level 1.1 Poison Magic
 + Level 1.5 Invocations
 + Level 1.4 Evocations


You had 12 spell levels left.
You knew the following spells:

 Your Spells              Type           Power      Damage    Failure   Level
a - Blink                 Tloc           32%        N/A       3%          2

Your spell library contained the following spells:

 Spells                   Type           Power      Damage    Failure   Level
 Gell's Gravitas          Tloc           16%        N/A       8%          3
 Lesser Beckoning         Tloc           16%        N/A       8%          3
 Teleport Other           Tloc           16%        N/A       8%          3
 Manifold Assault         Tloc           16%        N/A       56%         5


Dungeon Overview and Level Annotations

Branches:
Dungeon (4/15)
 Temple: D:4-7

Altars:
Cheibriados
The Shining One

Annotations:
D:4 Menkaure


Innate Abilities, Weirdness & Mutations

You have very sharp teeth.
Your uncanny sense of smell can sniff out nearby items.
Your experience applies equally to all skills.


Message History

The ufetubus closely misses you.
You puncture the ufetubus!
You kill the ufetubus!
The Shining One accepts your kill.
No target in view!
You hear the slow rusting of a very distant drain.
You now have 91 gold pieces (gained 17).
Found a runed war axe.
Found a robe.
Found a stone staircase leading up.
You see here a +0 war axe of venom.
F - a +0 war axe of venom
Found a club.
G - a ruby potion Menkaure, Prince of Dust comes into view.
Your +1 mace of holy wrath softly glows with a divine radiance!
w - a +1 mace of holy wrath (weapon)
Menkaure gestures at you while chanting.
Pain shoots through your body! Menkaure hits you!!
* * * LOW HITPOINT WARNING * * *
You hit Menkaure.
Menkaure convulses.
You punch Menkaure, but do no damage. You bite Menkaure.
Menkaure is moderately damaged.
Menkaure whispers in an indecipherable tongue.
Menkaure completely misses you.
You completely miss Menkaure.
Menkaure is moderately damaged.
Menkaure closely misses you.
You hit Menkaure.
Menkaure convulses.
Menkaure is heavily damaged.
Menkaure mumbles some strange words.
Menkaure seems to speed up.
You hit Menkaure.
Menkaure convulses.
Menkaure is severely damaged.
Menkaure calls on the powers of darkness!
Your body is wracked with pain!
* * * LOW HITPOINT WARNING * * *
Menkaure hits you!!
You die...

.... ........####.#
.... ............. ...
#.# #...##.###.# ..#
#.# #..........#
..#####.# #...##.##..#
.....##.###..........#
......<.......##.#...#
.......>####..##.#...#
........# #..##@#...#
.......## #....M..).#
#.....## #####.#.###
##...#...# #.#.#
###)#.###.# #.#.# #
#.#.# ..# # #.#.# ###
# #.##. # #.# #∆


You could see Menkaure (fast).

Vanquished Creatures
  An iguana (D:3)
  A hound skeleton (D:4)
  3 adders
  An ufetubus (D:4)
  A worm (D:3)
  3 dart slugs
  An orc (D:3)
  3 bats
  5 endoplasms
  5 goblins
  6 hobgoblins
  5 jackals
  8 kobolds
  A quokka (D:2)
  5 ball pythons
  2 rats
51 creatures vanquished.

Notes
Turn   | Place    | Note
-------+----------+-------------------------------------------
     0 | D:1      | Ablot the Gnoll Warper began the quest for the Orb.
     0 | D:1      | Reached XP level 1. HP: 20/20 MP: 6/6
   139 | D:1      | Reached XP level 2. HP: 15/26 MP: 7/7
   146 | D:1      | Learned a level 2 spell: Blink
  1288 | D:2      | Reached XP level 3. HP: 25/31 MP: 9/9
  1400 | D:2      | Reached skill level 5 in Spellcasting
  1640 | D:2      | Reached skill level 1 in Invocations
  1872 | D:2      | Found a glowing golden altar of the Shining One.
  2198 | D:2      | Became a worshipper of the Shining One
  2282 | D:3      | Reached skill level 1 in Short Blades
  2282 | D:3      | Reached skill level 1 in Long Blades
  2282 | D:3      | Reached skill level 1 in Axes
  2282 | D:3      | Reached skill level 1 in Maces & Flails
  2282 | D:3      | Reached skill level 1 in Staves
  2282 | D:3      | Reached skill level 1 in Slings
  2282 | D:3      | Reached skill level 1 in Bows
  2282 | D:3      | Reached skill level 1 in Crossbows
  2282 | D:3      | Reached skill level 1 in Stealth
  2282 | D:3      | Reached skill level 1 in Shields
  2282 | D:3      | Reached skill level 1 in Unarmed Combat
  2282 | D:3      | Reached skill level 1 in Evocations
  2470 | D:3      | Reached XP level 4. HP: 23/38 MP: 11/11
  3180 | D:3      | Found a snail-covered altar of Cheibriados.
  3248 | D:3      | Reached skill level 1 in Conjurations
  3248 | D:3      | Reached skill level 1 in Hexes
  3248 | D:3      | Reached skill level 1 in Summonings
  3248 | D:3      | Reached skill level 1 in Necromancy
  3248 | D:3      | Reached skill level 1 in Transmutations
  3248 | D:3      | Reached skill level 1 in Fire Magic
  3248 | D:3      | Reached skill level 1 in Ice Magic
  3248 | D:3      | Reached skill level 1 in Air Magic
  3248 | D:3      | Reached skill level 1 in Earth Magic
  3248 | D:3      | Reached skill level 1 in Poison Magic
  3685 | D:4      | Reached XP level 5. HP: 37/43 MP: 12/12
  3733 | D:4      | Noticed Menkaure
  3744 | D:4      | Mangled by Menkaure

Illustrated notes

Levels and vault maps discovered:
D:1:      dpeg_arrival_water_temple_mockup, layout_basic, due_unseen_surprise
D:2:      layout_loops_corners, basic_altar, kennysheep_cluttered_room
D:3:      layout_loops_ring, mainiacjoe_overflow_cross_hatched,
          amethyst_killhole, st_stairs_6
D:4:      layout_loops_ring, grunt_temple_overflow_open,
          minmay_temple_entry_purple_smoke, portal_sewer_entry_b,
          uniq_eustachio, uniq_menkaure

Skill      XL: |  1  2  3  4 |
---------------+-------------+-----
Spellcasting   | 5 |  5.1
Invocations    | 1 |  1.5
Short Blades   | 1 |  1.4
Long Blades    | 1 |  1.4
Axes           | 1 |  1.4
Maces & Flails | 1 |  1.4
Staves         | 1 |  1.4
Slings         | 1 |  1.4
Bows           | 1 |  1.4
Crossbows      | 1 |  1.4
Stealth        | 1 |  1.4
Shields        | 1 |  1.4
Unarmed Combat | 1 |  1.4
Evocations     | 1 |  1.4
Conjurations   | 1 |  1.1
Hexes          | 1 |  1.1
Summonings     | 1 |  1.1
Necromancy     | 1 |  1.1
Transmutations | 1 |  1.1
Fire Magic     | 1 |  1.1
Ice Magic      | 1 |  1.1
Air Magic      | 1 |  1.1
Earth Magic    | 1 |  1.1
Poison Magic   | 1 |  1.1
Fighting       | |  4.7
Polearms       | |  4.7
Throwing       | |  2.9
Armour         | |  2.9
Dodging        | |  4.7
Translocations | |  5.5

Action                   |  1- 3 |  4- 6 || total
-------------------------+-------+-------++-------
Melee: Spear             |   142 |    74 ||   216
       Bite              |     8 |     8 ||    16
       Punch             |     1 |     1 ||     2
       Mace              |       |     4 ||     4
       Trident           |       |     3 ||     3
 Stab: Sleeping          |     2 |       ||     2
Armor: Leather armour    |    20 |     7 ||    27
Dodge: Dodged            |    58 |    48 ||   106
